 Dungeon Crawl Stone Soup version 0.29.1-13-g9f3cf754e1 (webtiles) character file.

Game seed: 12271505819644899192

42 DemonSlayer the Digger (level 3, -1/24 HPs)
             Began as a Demonspawn Earth Elementalist on Jan 21, 2023.
             Slain by Terence
             ... wielding a +0 mace
              (5 damage)
             ... on level 2 of the Dungeon.
             The game lasted 00:03:40 (1908 turns).

DemonSlayer the Digger (DsEE)                       Turns: 1908, Time: 00:03:41

Health: -1/24      AC:  2    Str:  8    XL:     3   Next: 35%
Magic:  4/6        EV: 12    Int: 18    God:
Gold:   88         SH:  0    Dex: 13    Spells: 1/7 levels left

rFire   . . .      SeeInvis .   j - +2 dagger (venom)
rCold   . . .      Faith    .   (no shield)
rNeg    . . .      Spirit   .   a - +0 robe
rPois   .          Reflect  .   (no helmet)
rElec   .          Harm     .   (no cloak)
rCorr   .          Rampage  .   (no gloves)
Will    .....                   (no boots)
Stlth   ++........              (no amulet)
HPRegen 0.08/turn               (no ring)
MPRegen 0.20/turn               (no ring)

@: no status effects
A: powered by death 1, magic regeneration
a: no special abilities


You were on level 2 of the Dungeon.
You visited 1 branch of the dungeon, and saw 2 of its levels.

You collected 88 gold pieces.

Inventory:

Hand Weapons
 j - a +2 dagger of venom (weapon)
Armour
 a - a +0 robe (worn)
Scrolls
 g - 2 scrolls of vulnerability {unknown}
 i - a scroll of noise {unknown}
 k - a scroll of magic mapping {unknown}
Potions
 b - a potion of magic
 c - 2 potions of heal wounds {unknown}
 d - 2 potions of degeneration {unknown}
 e - a potion of curing {unknown}
 f - a potion of might {unknown}
 h - a potion of invisibility {unknown}


   Skills:
 + Level 2.1 Dodging
 + Level 2.0 Stealth
 + Level 2.6 Spellcasting
 + Level 0.8 Transmutations
 + Level 3.3 Earth Magic


You had one spell level left.
You knew the following spells:

 Your Spells              Type           Power      Damage    Failure   Level
a - Sandblast             Erth           28%        2d8       4%          1
b - Passwall              Tmut/Erth      7%         N/A       11%         2
c - Stone Arrow           Conj/Erth      16%        3d8       26%         3

Your spell library contained the following spells:

 Spells                   Type           Power      Damage    Failure   Level
 Petrify                  Tmut/Erth      9%         N/A       58%         4


Dungeon Overview and Level Annotations

Branches:
Dungeon (2/15)

Altars:

Annotations:
D:2 Terence


Innate Abilities, Weirdness & Mutations

You regenerate a little health from kills.
You regenerate magic rapidly.


Message History

Terence shouts!
The adder hisses angrily.
The bat completely misses you.
The blast of sand misses Terence.
The bat closely misses you. Terence hits you with a +0 mace.
The bat barely misses you. The bat barely misses you.
The bat attacks as you move away! The bat hits you but does no damage. x2
The bat attacks as you move away! The bat hits you. The bat barely misses you.
The bat closely misses you.
The blast of sand hits the bat!
You kill the bat!
Terence says, "Time to say good-bye..."
Terence closely misses you.
You closely miss Terence. Terence hits you with a +0 mace.
You barely miss Terence. Terence hits you with a +0 mace.
You hit Terence.
Terence is poisoned.
Terence is lightly wounded.
Terence hits you with a +0 mace.
You hit Terence but do no damage.
Terence looks as sick as possible!
Terence is lightly wounded.
Terence misses you.
Casting: Sandblast (safe; 4% risk of failure)
Confirm with . or Enter, or press ? or * to list all spells.
Aiming: Sandblast (safe; 4% risk of failure)
Press: ? - help, Shift-Dir - straight line, f - adder
Aim: an adder (70% to hit)
The blast of sand misses Terence.
The blast of sand hits the adder.
The adder is heavily wounded.
Terence hits you with a +0 mace.
Casting: Sandblast (safe; 4% risk of failure)
Confirm with . or Enter, or press ? or * to list all spells.
Aiming: Sandblast (safe; 4% risk of failure)
Press: ? - help, Shift-Dir - straight line, f/p - adder
Aim: an adder (heavily wounded, 70% to hit)
The blast of sand hits Terence but does no damage.
Terence is almost dead.
Terence hits you with a +0 mace!
* * * LOW HITPOINT WARNING * * *
Terence hits you with a +0 mace.
You die...

.. #.#
#..#. #.
#.# #....
#.# # #.#
#...#
#####..#.##
#.# #...#
#.......#.
#.# #....
#...... #.#
###.#
#....# #.#
#.#
#.#####.#
#.#
#..S@@..#
#>.
#########
###


You could see Terence (extremely poisoned) and an adder.

Vanquished Creatures
  A worm (D:2)
  2 dart slugs (D:1)
  5 ball pythons
  3 giant cockroaches (D:1)
  2 goblins
  6 hobgoblins
  5 kobolds
  3 quokkas
  A bat (D:2)
  A frilled lizard (D:1)
  5 rats
34 creatures vanquished.

Notes
Turn   | Place    | Note
-------+----------+-------------------------------------------
     0 | D:1      | DemonSlayer the Demonspawn Earth Elementalist began the
                  | quest for the Orb.
     0 | D:1      | Reached XP level 1. HP: 13/13 MP: 3/3
   150 | D:1      | Reached skill level 3 in Earth Magic
   154 | D:1      | Gained mutation: You regenerate a little health from kills.
                  | [demonic ancestry]
   154 | D:1      | Reached XP level 2. HP: 19/19 MP: 1/5
   157 | D:1      | Learned a level 2 spell: Passwall
  1379 | D:1      | Gained mutation: You regenerate magic rapidly. [demonic
                  | ancestry]
  1379 | D:1      | Reached XP level 3. HP: 24/24 MP: 6/6
  1435 | D:1      | Learned a level 3 spell: Stone Arrow
  1894 | D:2      | Noticed Terence
  1908 | D:2      | Slain by Terence

Illustrated notes

Levels and vault maps discovered:
D:1:      lightli_arrival_windingriver, layout_basic, serial_forest,
          infiniplex_forest_lined_room_2, infiniplex_forest_clump_medium,
          infiniplex_forest_lined_corner, infiniplex_forest_zigzag_1,
          infiniplex_forest_straight_2, minivault_26, minmay_misc_feat_five
D:2:      layout_loops_corners, dilly_ecumenical_altar_fadedgnrine, uniq_terence

Skill      XL: |  1  2  3 |
---------------+----------+-----
Earth Magic    | 3 |  3.3
Dodging        | 2 |  2.1
Stealth        | 2 |  2.0
Spellcasting   | |  2.6
Transmutations | |  0.8

Action                   || total
-------------------------++-------
Melee: Dagger            ||    27
 Cast: Sandblast         ||    43
 Stab: Sleeping          ||     4
Armor: Robe              ||     8
Dodge: Dodged            ||    49
